 Dungeon Crawl Stone Soup version 0.26.1-11-gd32895ea62 (webtiles) character file.

Game seed: 11148575457105308634

13400 hawla the Thaumaturge (level 11, -25/60 HPs)
             Began as a Deep Elf Conjurer on June 19, 2021.
             Was a Priest of Vehumet.
             Annihilated by a boulder beetle (46 damage)
             ... on level 12 of the Dungeon on June 20, 2021.
             The game lasted 00:47:41 (19204 turns).

hawla the Thaumaturge (Deep Elf Conjurer)          Turns: 19204, Time: 00:47:42

Health: -25/60     AC: 11    Str:  4    XL:     11   Next: 75%
Magic:  4/30       EV: 15    Int: 27    God:    Vehumet [***...]
Gold:   711        SH:  0    Dex: 13    Spells: 20/36 levels left

rFire    . . .     SeeInvis .   u - +12 lajatang of Atio {pain, rN++}
rCold    . . .     Faith    .   (shield currently unavailable)
rNeg     + + .     Spirit   .   a - +2 robe
rPois    .         Reflect  .   (helmet restricted)
rElec    .         Harm     .   (no cloak)
rCorr    .         Rampage  .   l - +2 pair of gloves
Will     ++...                  (no boots)
Stlth    +++.......             (no amulet)
HPRegen  0.20/turn              r - ring of willpower
MPRegen  0.22/turn              x - +4 ring of protection

@: no status effects
A: horns 1, talons 1
a: Renounce Religion


You were on level 12 of the Dungeon.
You worshipped Vehumet.
Vehumet was most pleased with you.
You visited 2 branches of the dungeon, and saw 13 of its levels.
You also visited: Sewer.

You collected 793 gold pieces.
You spent 82 gold pieces at shops.

Inventory:

Hand Weapons
 u - the +12 lajatang of Atio (weapon) {pain, rN++}
   (You found it on level 9 of the Dungeon)

   In the hands of one skilled in necromantic magic, it inflicts extra damage on
   living creatures.
   It greatly protects you from negative energy.
Missiles
 k - 13 poisoned darts (quivered)
 p - 18 boomerangs
 s - 2 curare-tipped darts
Armour
 a - a +2 robe (worn)
 l - a +2 pair of gloves (worn)
 o - +0 acid dragon scales
Jewellery
 h - an uncursed ring of ice
 q - an uncursed ring of wizardry
 r - a ring of willpower (left hand)
 x - a +4 ring of protection (right hand)
 y - an uncursed ring of flight
Wands
 b - a wand of polymorph (9)
 j - a wand of digging (7)
 D - a wand of iceblast (6)
Scrolls
 d - 2 scrolls of fear
 g - 2 scrolls of blinking
 i - 6 scrolls of teleportation
 n - 2 scrolls of amnesia
 t - 3 scrolls of remove curse
 v - a scroll of magic mapping
Potions
 c - a potion of berserk rage
 e - 4 potions of might
 f - a potion of brilliance
 m - 5 potions of curing
 w - a potion of invisibility
 z - 2 potions of haste
 A - a potion of resistance
 C - a potion of attraction


   Skills:
 + Level 3.4 Fighting
 + Level 4.2 Staves
 + Level 0.2 Throwing
 + Level 0.4 Armour
 + Level 6.4 Dodging
 + Level 7.4 Stealth
 + Level 13.0 Spellcasting
 + Level 11.7 Conjurations
 + Level 3.1 Necromancy
 + Level 8.3 Translocations


You had 20 spell levels left.
You knew the following spells:

 Your Spells              Type           Power        Failure   Level
a - Magic Dart            Conj           100%         1%          1
b - Searing Ray           Conj           100%         1%          2
c - Iskenderun's Mystic   Conj/Tloc      64%          1%          4
d - Vampiric Draining     Necr           17%          2%          3
e - Lesser Beckoning      Tloc           29%          1%          3
f - Stone Arrow           Conj/Erth      98%          1%          3

Your spell library contained the following spells:

 Spells                   Type           Power        Failure   Level
 Inner Flame              Hex/Fire       17%          2%          3
 Animate Skeleton         Necr           68%          1%          1
 Apportation              Tloc           100%         1%          1
 Pain                     Necr           100%         1%          1
 Dazzling Flash           Conj/Hex       98%          1%          3
 Fulminant Prism          Conj/Hex       24%          1%          4
 Animate Dead             Necr           17%          9%          4
 Tukima's Dance           Hex            17%          10%         3
 Agony                    Necr           34%          24%         5
 Alistair's Intoxication  Tmut/Pois      11%          65%         5
 Invisibility             Hex            17%          99%         6


Dungeon Overview and Level Annotations

Branches:
Dungeon (12/15)            Temple (1/1) D:7            Lair (0/6) D:11
    Orc (0/2) D:12          Sewer (visited)

Altars:
Ashenzari
Cheibriados
Dithmenos
Elyvilon
Fedhas
Gozag
Hepliaklqana
Kikubaaqudgha
Makhleb
Nemelex Xobeh
Okawaru
Qazlal
Ru
Sif Muna
Trog
Uskayaw
Vehumet
Wu Jian
Xom
Yredelemnul
Zin
The Shining One
Jiyva

Shops:
D:4 [   D:6 (

Annotations:
D:5 eels


Innate Abilities, Weirdness & Mutations

You have a pair of small horns on your head.
You have sharp toenails.


Message History

Aim: a boulder beetle (heavily wounded, poisoned, 89% to hit)
You throw a poisoned dart.
The poisoned dart hits the boulder beetle.
The boulder beetle looks even sicker.
The boulder beetle is heavily wounded.
Throw: 14 darts (poison)
Press: ? - help, Q - select action, (/) - cycle Shift-Dir - straight line, f/p - boulder beetle
Aim: a boulder beetle (heavily wounded, very poisoned, 89% to hit)
You throw a poisoned dart.
The poisoned dart hits the boulder beetle.
The boulder beetle looks even sicker.
The boulder beetle is heavily wounded.
Casting: Iskenderun's Mystic Blast (safe; 1% risk of failure)
Confirm with . or Enter, or press ? or * to list all spells.
You erupt in a blast of force!
The mystic blast hits the boulder beetle but does no damage.
The boulder beetle is heavily wounded.
The boulder beetle hits you!!!
Ouch! That really hurt!
You die...

........######)##
.....##...)...).#####
.....#########......####
.....# #..........#
.....# #..........'
##.### #........... ##.#
##..[....(..# #..#
#...........# #.##
#....@......# #.#
#....B>.....# #.#
#....°....)## #.#
####+...°..^..# #.#
#.............# #.#
#............... ..#
#.............## .##
#.....)(.(....# .#
#........(.###


You could see a boulder beetle (very poisoned).

Vanquished Creatures
  A hydra (D:12)
  The ghost of Zeld the Thrower, a novice TrHu (D:6)
  An ugly thing (D:9)
  Maggie (D:6)
  A komodo dragon (D:12)
  5 trolls
  Prince Ribbit (D:8)
  4 slime creatures (D:9)
  A shadow (D:8)
  11 yaks
  A wraith (D:10)
  Eustachio (D:6)
  The ghost of vvl the Skirmisher, an amateur OgBe of Trog (D:4)
  5 black bears
  4 orc warriors
  Purgy (Sewer)
  2 necrophages
  2 sky beasts
  An eye of draining (D:9)
  3 phantoms
  4 ogres
  13 centaurs
  11 big kobolds
  Blork the orc (D:6)
  11 bullfrogs
  4 scorpions
  A wyvern skeleton (D:12)
  5 killer bees (D:7)
  9 wights
  A howler monkey (D:5)
  4 hounds
  2 quasits
  2 centaur skeletons
  A centaur zombie (D:10)
  4 jellies
  A bullfrog skeleton (D:10)
  6 orc priests
  3 iguanas
  4 orc wizards
  12 worker ants
  2 hound skeletons
  2 worker ant zombies
  Robin (D:1)
  5 gnolls
  17 adders
  A river rat (D:3)
  A shadow imp (D:5)
  3 white imps
  2 ufetubi
  An ooze (D:3)
  An adder zombie (D:10)
  An adder skeleton (D:4)
  2 worms (D:3)
  4 dart slugs
  6 leopard geckos
  23 orcs
  4 bats
  6 giant cockroaches
  16 hobgoblins
  11 jackals
  21 kobolds
  3 quokkas
  7 ball pythons
  8 frilled lizards
  2 gnoll zombies (D:8)
  15 goblins
  2 leopard gecko skeletons
  A quokka skeleton (D:9)
  19 rats
334 creatures vanquished.

Vanquished Creatures (others)
  9 plants
9 creatures vanquished.

Grand Total: 343 creatures vanquished

Notes
Turn   | Place    | Note
-------+----------+-------------------------------------------
     0 | D:1      | hawla the Deep Elf Conjurer began the quest for the Orb.
     0 | D:1      | Reached XP level 1. HP: 10/10 MP: 6/6
   308 | D:1      | Reached XP level 2. HP: 16/16 MP: 5/8
   311 | D:1      | Learned a level 2 spell: Searing Ray
   550 | D:1      | Reached skill level 1 in Translocations
  1318 | D:2      | Noticed Robin
  1323 | D:1      | Killed Robin
  1324 | D:1      | Reached skill level 1 in Fighting
  1324 | D:1      | Reached XP level 3. HP: 20/20 MP: 5/10
  2128 | D:2      | Reached skill level 4 in Spellcasting
  2138 | D:2      | Found a snail-covered altar of Cheibriados.
  2142 | D:2      | Reached skill level 5 in Conjurations
  2142 | D:2      | Reached XP level 4. HP: 20/25 MP: 8/12
  2154 | D:2      | Learned a level 4 spell: Iskenderun's Mystic Blast
  2584 | D:2      | Reached XP level 5. HP: 29/29 MP: 7/13
  3119 | D:3      | Found a glowing drain.
  3211 | Sewer    | Entered a sewer
  3372 | Sewer    | Noticed Purgy
  3377 | Sewer    | Killed Purgy
  3601 | D:3      | Reached XP level 6. HP: 34/34 MP: 9/14
  3865 | D:3      | Found a shimmering blue altar of Sif Muna.
  3899 | D:3      | Found a shadowy altar of Dithmenos.
  4111 | D:3      | Found an ancient bone altar of Kikubaaqudgha.
  5278 | D:4      | Found a transporter.
  5278 | D:4      | Noticed vvl's ghost (amateur OgBe)
  5283 | D:4      | Found a transporter.
  5311 | D:4      | Found Koan's Armour Shop.
  5495 | D:4      | Reached XP level 7. HP: 20/38 MP: 7/16
  6027 | D:5      | Entered Level 5 of the Dungeon
  6129 | D:5      | Reached skill level 5 in Spellcasting
  7185 | D:5      | Reached skill level 6 in Spellcasting
  7265 | D:5      | Reached XP level 8. HP: 43/43 MP: 14/19
  7804 | D:6      | Noticed Maggie
  7820 | D:6      | Killed Maggie
  8112 | D:6      | Reached skill level 5 in Stealth
  8187 | D:6      | Noticed Blork the orc
  8193 | D:6      | Killed Blork the orc
  8194 | D:6      | Reached skill level 7 in Spellcasting
  8373 | D:6      | Found a burning altar of Makhleb.
  8821 | D:6      | Found Raathrez's Weapon Boutique.
  8829 | D:6      | Bought 7 boomerangs for 38 gold pieces
  8950 | D:6      | Found a runed translucent gate.
  8950 | D:6      | Found a runed translucent gate.
  8964 | D:6      | Noticed Zeld's ghost (novice TrHu)
  8966 | D:6      | Found a runed translucent gate.
  9037 | D:6      | Reached skill level 8 in Spellcasting
  9199 | D:6      | Noticed Eustachio
  9208 | D:6      | Killed Eustachio
  9209 | D:6      | Reached XP level 9. HP: 47/47 MP: 12/23
  9479 | D:6      | Bought a +0 quarterstaff for 44 gold pieces
  9866 | D:7      | Found a staircase to the Ecumenical Temple.
  9882 | Temple   | Entered the Ecumenical Temple
  9914 | Temple   | Became a worshipper of Vehumet
 10162 | D:7      | Found a hide-covered altar of Uskayaw.
 10411 | D:7      | Reached skill level 9 in Spellcasting
 10513 | D:7      | Noticed a troll
 10519 | D:7      | Killed a troll
 10655 | D:7      | Reached skill level 5 in Translocations
 10968 | D:7      | Reached skill level 10 in Conjurations
 11568 | D:8      | Gained mutation: You have a pair of small horns on your
                  | head. [potion of mutation]
 11568 | D:8      | Gained mutation: You have sharp toenails. [potion of
                  | mutation]
 11607 | D:8      | Noticed Prince Ribbit
 11612 | D:8      | Killed Prince Ribbit
 11613 | D:8      | Reached skill level 10 in Spellcasting
 11618 | D:8      | Reached * piety under Vehumet
 11618 | D:8      | Offered knowledge of Freeze by Vehumet.
 11619 | D:8      | Reached skill level 1 in Staves
 11757 | D:8      | Found a white marble altar of Elyvilon.
 11901 | D:8      | Reached skill level 5 in Dodging
 11995 | D:8      | Reached XP level 10. HP: 54/54 MP: 20/26
 12851 | D:8      | Found a basalt altar of Yredelemnul.
 13134 | D:9      | Found a stormy altar of Qazlal.
 13450 | D:9      | Found a bloodstained altar of Trog.
 13537 | D:9      | You fall into a shaft and drop 1 floor!
 13537 | D:10     | Entered Level 10 of the Dungeon
 13967 | D:9      | Reached skill level 11 in Spellcasting
 14249 | D:9      | Noticed a cyan ugly thing
 14261 | D:9      | Killed a cyan ugly thing
 14444 | D:9      | Found a glowing golden altar of the Shining One.
 14462 | D:9      | Reached ** piety under Vehumet
 14462 | D:9      | Offered knowledge of Sandblast by Vehumet.
 14705 | D:9      | Found a transporter.
 14707 | D:9      | Found a transporter.
 14707 | D:9      | Found a viscous altar of Jiyva.
 15077 | D:10     | Learned a level 3 spell: Vampiric Draining
 15801 | D:10     | Learned a level 3 spell: Lesser Beckoning
 15979 | D:10     | Reached XP level 11. HP: 53/60 MP: 17/28
 16064 | D:10     | Reached skill level 12 in Spellcasting
 16064 | D:10     | Reached skill level 1 in Necromancy
 16716 | D:4      | Offered knowledge of Stone Arrow by Vehumet.
 16719 | D:4      | Killed vvl's ghost
 16945 | D:6      | Killed Zeld's ghost
 17674 | D:9      | Got an encrusted lajatang
 17674 | D:9      | Identified the +12 lajatang of Atio {pain, rN++} (You found
                  | it on level 9 of the Dungeon)
 17911 | D:11     | Reached *** piety under Vehumet
 18364 | D:11     | Found a staircase to the Lair.
 18376 | D:11     | Learned a level 3 spell: Stone Arrow
 18944 | D:12     | Found a staircase to the Orcish Mines.
 18961 | D:12     | Noticed a six-headed hydra
 18984 | D:12     | Killed a six-headed hydra
 18985 | D:12     | Reached skill level 13 in Spellcasting
 18996 | D:12     | Offered knowledge of Inner Flame by Vehumet.
 19181 | D:12     | Noticed a boulder beetle
 19204 | D:12     | Annihilated by a boulder beetle

Illustrated notes

Levels and vault maps discovered:
D:1:      minmay_arrival_hallway, layout_loops_corners, minmay_pentomino_z4
D:2:      layout_basic, kennysheep_slug_shrine, serial_forest,
          infiniplex_forest_lined_2, infiniplex_forest_corner_2,
          infiniplex_forest_lined_corner, infiniplex_forest_lined_room_3,
          infiniplex_forest_straight_4, minivault_19,
          amcnicky_mini_corridor_feature, uniq_robin
D:3:      layout_basic, lemuel_round_altar, kiku_gazebo_pond_becter,
          nicolae_overflow_crystal_walls, portal_sewer_entry_b,
          serial_bayou_crossing
D:4:      layout_rooms, gammafunk_ghost_arena, serial_shops,
          kennysheep_little_box, grunt_ministairs_15, serial_park_tiny_1,
          kennysheep_generic_room_8
D:5:      cheibrodos_two_vegetables, layout_loops_ring
D:6:      lemuel_upstairs_altar, layout_basic, makhleb_blood_cavern_becter,
          serial_shops, nicolae_shop_waterfront, gammafunk_ghost_nasty_kobolds,
          uniq_maggie, uniq_blork_the_orc, uniq_eustachio
D:7:      layout_basic, lemuel_coloured_pillars_altar,
          minmay_temple_entry_offerings, kennysheep_another_room
D:8:      layout_basic, old_standard_altar, lemuel_zombie_altar_yredelemnul,
          nicolae_ossuary_entry_monument, minmay_microvault, uniq_prince_ribbit1
D:9:      gammafunk_jiyva_shrine, layout_loops_ring,
          nicolae_qazlal_general_emergency, trog_ov_bears_minmay,
          overflow_temple_1_default, kennysheep_pointless_box,
          kennysheep_generic_room_2
D:10:     layout_irregular_city
D:11:     layout_loops_cross, lair_entry_dummy
D:12:     layout_roguey, david_orc_3
Temple:   minmay_freezing_vapour_temple

Skill      XL: |  1  2  3  4  5  6  7  8  9 10 11 |
---------------+----------------------------------+-----
Translocations | 1 2 3 4 5 6 8 |  8.3
Fighting       | 1 2 3 |  3.4
Spellcasting   | 4 6 8 10 11 13 | 13.0
Conjurations   | 5 6 7 8 9 10 11 | 11.7
Stealth        | 3 4 5 6 7 |  7.4
Dodging        | 3 4 5 6 |  6.4
Staves         | 1 3 4 |  4.2
Necromancy     | 3 |  3.1
Throwing       | |  0.2
Armour         | |  0.4

Action                   |  1- 3 |  4- 6 |  7- 9 | 10-12 || total
-------------------------+-------+-------+-------+-------++-------
Melee: Whip              |    16 |    45 |     5 |       ||    66
       Unarmed           |     7 |       |       |       ||     7
       Quarterstaff      |       |       |    13 |    53 ||    66
       Kick              |       |       |       |    18 ||    18
       Headbutt          |       |       |       |    10 ||    10
       Lajatang          |       |       |       |    33 ||    33
Throw: Dart              |       |       |       |    18 ||    18
 Cast: Magic Dart        |    33 |    17 |    30 |    10 ||    90
       Searing Ray       |    28 |    48 |    58 |    46 ||   180
       Iskenderun's Myst |       |     8 |    33 |    85 ||   126
       Vampiric Draining |       |       |       |    20 ||    20
       Lesser Beckoning  |       |       |       |     2 ||     2
       Stone Arrow       |       |       |       |     3 ||     3
  Use: Potion            |     1 |       |     6 |     5 ||    12
       Scroll            |     3 |     7 |     9 |    13 ||    32
 Stab: Sleeping          |       |     3 |       |     2 ||     5
Armor: Robe              |    10 |     5 |    10 |    27 ||    52
       Skin              |       |       |       |     7 ||     7
Dodge: Dodged            |    47 |    53 |    59 |   151 ||   310
